[Event "Titled Tuesday Blitz October 31 Early 2023"]
[White "Herman, Daniel"]
[Black "Tharushi, T H D Niklesha"]
[WhiteFideId "30935008"]
[BlackFideId "9918264"]
[WhiteElo "2449"]
[BlackElo "2257"]
[Result "0-1"]
[Round "8"]
[TimeControl "180+1"]
[Date "2023.10.31"]
[WhiteClock "0:00:00"]
[BlackClock "0:01:02"]
[Board "103"]

1. Nf3 d5 2. c4 e6 3. e3 Nf6 4. b3 c5 5. Bb2 Nc6 6. cxd5 exd5 7. d4 Bf5 8. Bd3 Ne4 9. O-O Bd6 10. dxc5 Bxc5 11. Bxg7 Rg8 12. Bb2 Bh3 13. g3 Bxf1 14. Bxf1 Qd7 15. Nc3 O-O-O 16. Rc1 Bb6 17. Nb5 Kb8 18. Ne5 Qf5 19. Qf3 Qxf3 20. Nxf3 a6 21. Nbd4 Nxd4 22. Nxd4 Rc8 23. Rxc8+ Rxc8 24. Bh3 Bxd4 25. Bxd4 Rc1+ 26. Kg2 Rc2 27. Kg1 Rxf2 28. Bg2 Rxa2 29. Bh3 Ng5 30. Bf5 Nf3+ 31. Kf1 Nxh2+ 32. Kg1 Nf3+ 33. Kf1 Nxd4 34. exd4 Rd2 35. Bxh7 Rxd4 36. Kf2 Kc7 37. Bg8 f5 38. Bh7 f4 39. g4 Kd6 40. g5 Ke6 41. Kf3 Rb4 42. Bc2 d4 0-1


[Site "https://www.chess.com"]

[Event "Titled Tuesday Blitz October 31 Early 2023"]
[White "Kuchava, Ana"]
[Black "MMAHDI2013"]
[WhiteFideId "13605348"]
[WhiteElo "2256"]
[BlackElo "2447"]
[Result "0-1"]
[Round "8"]
[TimeControl "180+1"]
[Date "2023.10.31"]
[WhiteClock "0:00:00"]
[BlackClock "0:00:49"]
[Board "104"]

1. d4 Nf6 2. Nf3 e6 3. c4 d5 4. Nc3 Bb4 5. Qa4+ Nc6 6. e3 O-O 7. Bd3 dxc4 8. Bxc4 Bd6 9. O-O e5 10. d5 Ne7 11. e4 Ng6 12. Be2 Nh5 13. Bg5 f6 14. Be3 Nhf4 15. Rfe1 f5 16. Rad1 fxe4 17. Nxe4 Bg4 18. Neg5 Bd7 19. Qb3 Qe7 20. Ne4 Bg4 21. Nxd6 cxd6 22. Bxf4 Nxf4 23. Bf1 Nh3+ 24. gxh3 Bxf3 25. Qe3 Qf6 0-1


[Site "https://www.chess.com"]

[Event "Titled Tuesday Blitz October 31 Early 2023"]
[White "Kiseljova, Marya"]
[Black "Liu, Casper"]
[WhiteFideId "4155009"]
[BlackFideId "1454153"]
[WhiteElo "2241"]
[BlackElo "2444"]
[Result "0-1"]
[Round "8"]
[TimeControl "180+1"]
[Date "2023.10.31"]
[WhiteClock "0:00:21"]
[BlackClock "0:00:18"]
[Board "105"]

1. d4 Nf6 2. c4 g6 3. Nc3 Bg7 4. e4 O-O 5. Be2 Nc6 6. d5 Nb8 7. e5 Ne8 8. Nf3 d6 9. Bf4 Nd7 10. exd6 Nxd6 11. O-O Nc5 12. Be3 Nce4 13. Nxe4 Nxe4 14. Qc2 Nd6 15. Rab1 e6 16. Rfd1 exd5 17. Rxd5 Be6 18. Rd2 Qe8 19. Bc5 Qc6 20. b4 Bf5 21. Bd3 Bxd3 22. Rxd3 Rad8 23. Rbd1 Rfe8 24. h3 b6 25. Bxd6 cxd6 26. Nd4 Qe4 27. Nb5 Be5 28. R3d2 Bf4 29. Qxe4 Rxe4 30. Rd4 Rde8 31. Nxd6 Re1+ 32. Rxe1 Rxe1# 0-1


[Site "https://www.chess.com"]

[Event "Titled Tuesday Blitz October 31 Early 2023"]
[White "Shishkov, Andrei"]
[Black "Mirzanurov, Bulat"]
[WhiteFideId "4500563"]
[BlackFideId "4184521"]
[WhiteElo "2438"]
[BlackElo "2225"]
[Result "1-0"]
[Round "8"]
[TimeControl "180+1"]
[Date "2023.10.31"]
[WhiteClock "0:00:15"]
[BlackClock "0:00:00"]
[Board "106"]

1. d4 d5 2. c4 e6 3. Nc3 c5 4. cxd5 exd5 5. Nf3 Nc6 6. dxc5 d4 7. Na4 Bxc5 8. Nxc5 Qa5+ 9. Bd2 Qxc5 10. b4 Nxb4 11. Rc1 Qd6 12. e3 d3 13. Qa4+ Nc6 14. Qe4+ Be6 15. Bc3 Nf6 16. Bxf6 gxf6 17. Bxd3 f5 18. Rxc6 bxc6 19. Qd4 Qxd4 20. Nxd4 c5 21. Nxf5 Bxf5 22. Bxf5 Ke7 23. Kd2 Rab8 24. Kc3 Kf6 25. Bc2 h6 26. h4 Rhc8 27. Rh3 Rb4 28. Rf3+ Ke7 29. Bb3 f6 30. g3 Re4 31. Rf5 Re5 32. Rf4 h5 33. Ra4 Rc7 34. Bc2 Kd6 35. Ra6+ Rc6 36. Rxa7 c4 37. e4 f5 38. exf5 Re2 39. f4 Re3+ 40. Kd4 Rxg3 41. Rh7 Rg4 42. Be4 Rxf4 43. Rxh5 c3 44. Rh6+ Ke7 45. Rxc6 1-0


[Site "https://www.chess.com"]

[Event "Titled Tuesday Blitz October 31 Early 2023"]
[White "Polaczek, Richard"]
[Black "MIM06"]
[WhiteFideId "200026"]
[WhiteElo "2423"]
[BlackElo "2203"]
[Result "1/2-1/2"]
[Round "8"]
[TimeControl "180+1"]
[Date "2023.10.31"]
[WhiteClock "0:00:09"]
[BlackClock "0:00:04"]
[Board "107"]

1. d4 Nf6 2. Bg5 d5 3. Bxf6 exf6 4. e3 Bd6 5. Nd2 c6 6. Ne2 O-O 7. c4 f5 8. cxd5 cxd5 9. Nc3 f4 10. Nxd5 fxe3 11. Nxe3 Bb4 12. a3 Ba5 13. b4 Bb6 14. Nb3 Nc6 15. Nc2 Bf5 16. Ne3 Bg6 17. d5 Ne5 18. Be2 Bxe3 19. fxe3 Qg5 20. O-O Qxe3+ 21. Kh1 Rad8 22. Rc1 Be4 23. d6 Rxd6 24. Qxd6 Qxe2 25. Rg1 Nd3 26. h3 Qe3 27. Kh2 Nxc1 28. Nxc1 Qxa3 29. Qd4 Bc6 30. Nd3 Qa2 31. Ne5 Qd5 32. Nxc6 Qxc6 33. Rd1 a6 34. Kh1 h6 35. Qd7 Qe4 36. Rc1 Qxb4 37. Rc7 Qb1+ 38. Kh2 b5 39. Ra7 Qa2 40. Qb7 Qc4 41. Qxa6 Qf4+ 42. Kg1 Rd8 43. Ra8 Qe3+ 44. Kh2 Qf4+ 45. Kg1 Qd4+ 46. Kh2 Qe5+ 47. Kg1 Qe3+ 48. Kh2 Qf4+ 49. Kg1 1/2-1/2


[Site "https://www.chess.com"]

[Event "Titled Tuesday Blitz October 31 Early 2023"]
[White "Joshi, Pankaj"]
[Black "Novikova, Galina"]
[WhiteFideId "5006210"]
[BlackFideId "4157095"]
[WhiteElo "2203"]
[BlackElo "2422"]
[Result "1-0"]
[Round "8"]
[TimeControl "180+1"]
[Date "2023.10.31"]
[WhiteClock "0:00:22"]
[BlackClock "0:01:33"]
[Board "108"]

1. e4 e6 2. d4 d5 3. Nc3 Bb4 4. e5 c5 5. a3 Bxc3+ 6. bxc3 Ne7 7. Qg4 Kf8 8. h4 Qa5 9. Bd2 Qa4 10. Rh3 Nbc6 11. Rg3 Nf5 12. Rh3 cxd4 13. Nf3 Qxc2 14. cxd4 Qe4+ 15. Qxe4 dxe4 16. Ng5 Nfxd4 17. Rc1 Nb3 18. Rxb3 Nxe5 19. Nxe4 Nc6 20. Nd6 h6 21. Nxb7 Nd4 22. Rb4 Nf5 23. Rc7 Kg8 24. Bd3 Nxh4 25. Rxh4 Rb8 26. Nd6 g5 27. Rb4 Ra8 28. Rxc8+ Rxc8 29. Nxc8 Kg7 30. Bc3+ f6 31. Rb7+ Kf8 32. Nd6 h5 33. Bxf6 Rh6 34. Rb8# 1-0


[Site "https://www.chess.com"]

[Event "Titled Tuesday Blitz October 31 Early 2023"]
[White "Kostiukov, Alexandr"]
[Black "Samarth J Rao"]
[WhiteFideId "14108100"]
[BlackFideId "46652370"]
[WhiteElo "2419"]
[BlackElo "2122"]
[Result "1-0"]
[Round "8"]
[TimeControl "180+1"]
[Date "2023.10.31"]
[WhiteClock "0:01:20"]
[BlackClock "0:01:14"]
[Board "109"]

1. g3 d5 2. Bg2 Nf6 3. d3 e5 4. e4 dxe4 5. dxe4 Qxd1+ 6. Kxd1 Bc5 7. f3 O-O 8. Nd2 Rd8 9. a4 Be6 10. Bh3 Bc4 11. Ke1 Ba6 12. Bf1 Bxf1 13. Kxf1 Nc6 14. c3 Rd3 15. Ke2 Rad8 16. Nh3 Re3+ 17. Kd1 Rxf3 18. Kc2 Ng4 19. Nxf3 1-0


[Site "https://www.chess.com"]

[Event "Titled Tuesday Blitz October 31 Early 2023"]
[White "crazy_m_attack"]
[Black "Gurevich, Dmitry"]
[BlackFideId "2000407"]
[WhiteElo "2418"]
[BlackElo "2536"]
[Result "1-0"]
[Round "8"]
[TimeControl "180+1"]
[Date "2023.10.31"]
[WhiteClock "0:00:02"]
[BlackClock "0:00:00"]
[Board "110"]

1. e4 c5 2. Nf3 d6 3. d4 cxd4 4. Nxd4 Nf6 5. Nc3 Nc6 6. Be2 g6 7. Be3 Bg7 8. O-O O-O 9. Nb3 a6 10. a4 Be6 11. f4 Rc8 12. Kh1 Na5 13. Nxa5 Qxa5 14. Bd4 Bc4 15. Bd3 e5 16. Be3 Rfe8 17. f5 Qb4 18. Qd2 Bxd3 19. cxd3 d5 20. exd5 Red8 21. Bg5 Rd6 22. fxg6 hxg6 23. Qf2 Qd4 24. Bxf6 Qxf2 25. Rxf2 Rxf6 26. Rxf6 Bxf6 27. Re1 Bd8 28. Rxe5 Bc7 29. Re7 Ba5 30. d6 Bxc3 31. d7 Rf8 32. bxc3 1-0


[Site "https://www.chess.com"]

[Event "Titled Tuesday Blitz October 31 Early 2023"]
[White "Semenova, Alina"]
[Black "Panda Sambit"]
[WhiteFideId "24113875"]
[BlackFideId "25091794"]
[WhiteElo "2169"]
[BlackElo "2479"]
[Result "0-1"]
[Round "8"]
[TimeControl "180+1"]
[Date "2023.10.31"]
[WhiteClock "0:01:02"]
[BlackClock "0:00:12"]
[Board "111"]

1. b3 b6 2. Bb2 Bb7 3. e3 e6 4. Nf3 Nf6 5. Be2 Be7 6. O-O O-O 7. d4 d5 8. Nbd2 c5 9. c4 Nc6 10. Rc1 Rc8 11. cxd5 Nxd5 12. Nc4 Bf6 13. Nce5 cxd4 14. Nxc6 Bxc6 15. Bxd4 Bb7 16. Qd2 Qe7 17. Bxf6 Qxf6 18. Qd4 Qxd4 19. Nxd4 Nc3 20. Bc4 e5 21. Nf5 Rxc4 22. bxc4 Ne2+ 23. Kh1 Nxc1 24. Rxc1 Rd8 25. Kg1 g6 26. Ng3 Rd2 27. c5 bxc5 28. f3 Rxa2 29. Rxc5 a5 30. Rxe5 a4 31. Ne4 a3 32. Nd6 Rb2 33. Nxb7 a2 34. Ra5 Rb1+ 35. Kf2 a1=Q 36. Rxa1 Rxa1 37. Nc5 h5 38. h4 Kg7 39. Kg3 Kf6 40. Kf4 Rc1 41. Nd3 Rc2 42. g3 Ke6 43. e4 f6 44. Nb4 Rc4 45. Nd3 Rd4 46. Nf2 Ra4 47. g4 Ra5 48. Nd3 g5+ 49. Kg3 Ra3 50. Nf2 gxh4+ 51. Kf4 Ra2 52. Ke3 hxg4 53. fxg4 Ra3+ 54. Kf4 h3 55. Nh1 Ra1 56. Nf2 h2 0-1


[Site "https://www.chess.com"]

[Event "Titled Tuesday Blitz October 31 Early 2023"]
[White "ssgm49"]
[Black "Deuterio010"]
[WhiteElo "1976"]
[BlackElo "2455"]
[Result "0-1"]
[Round "8"]
[TimeControl "180+1"]
[Date "2023.10.31"]
[WhiteClock "0:00:07"]
[BlackClock "0:01:28"]
[Board "112"]

1. Nf3 c5 2. c4 Nc6 3. Nc3 g6 4. d4 cxd4 5. Nxd4 Nf6 6. e4 d6 7. Be2 Nxd4 8. Qxd4 Bg7 9. f3 O-O 10. Qd3 Be6 11. Be3 a5 12. b3 a4 13. O-O Nd7 14. Rac1 axb3 15. axb3 Nc5 16. Qc2 Na6 17. Nd5 Bxd5 18. exd5 Qa5 19. Bg5 Qc7 20. Qe4 Nc5 21. Qxe7 Qxe7 22. Bxe7 Rfe8 23. Bxd6 Nxb3 24. Rce1 Bc3 25. Rb1 Nd2 26. Rxb7 Rxe2 27. Rc1 Bd4+ 28. Kh1 Ra2 29. Rb8+ Kg7 30. Bf8+ Kf6 31. c5 Nxf3 32. Rb6+ Kg5 33. Be7+ Rxe7 34. gxf3 Ree2 35. h4+ Kxh4 36. Rb4 Rh2# 0-1


[Site "https://www.chess.com"]

[Event "Titled Tuesday Blitz October 31 Early 2023"]
[White "Harriott, Tyrell"]
[Black "Todorovic, Bojan"]
[WhiteFideId "2086484"]
[BlackFideId "917087"]
[WhiteElo "2315"]
[BlackElo "2421"]
[Result "0-1"]
[Round "8"]
[TimeControl "180+1"]
[Date "2023.10.31"]
[WhiteClock "0:00:07"]
[BlackClock "0:00:18"]
[Board "113"]

1. d4 Nf6 2. e3 g6 3. Bd3 Bg7 4. f4 c5 5. Nf3 d6 6. O-O b6 7. c3 Bb7 8. Nbd2 Nbd7 9. Qe2 O-O 10. e4 cxd4 11. cxd4 e5 12. fxe5 dxe5 13. d5 Nc5 14. Bc4 Ne8 15. b4 Nd7 16. a3 Nd6 17. Bd3 a5 18. Bb2 Qe7 19. Rac1 axb4 20. axb4 Ra2 21. Nb1 f5 22. Nc3 fxe4 23. Nxe4 Nxe4 24. Bxe4 Qxb4 25. Rc2 Nc5 26. Ng5 Nxe4 27. Nxe4 Ba6 28. Rxf8+ Qxf8 29. Qe1 Bd3 30. Rd2 Bxe4 31. Qxe4 Qc5+ 32. Kh1 Rxb2 33. Rd1 Qb4 34. Qd3 e4 35. Qf1 e3 36. Re1 e2 37. Rxe2 Rxe2 38. h3 Re1 39. Qg1 Rxg1+ 40. Kxg1 Qd4+ 41. Kh1 Qxd5 42. Kg1 b5 43. Kh1 b4 44. Kg1 b3 45. Kh1 b2 46. Kh2 b1=Q 47. g3 Qd2# 0-1


[Site "https://www.chess.com"]

[Event "Titled Tuesday Blitz October 31 Early 2023"]
[White "Shapiro, Daniel"]
[Black "Kahlert, Thomas"]
[WhiteFideId "2001780"]
[BlackFideId "4625242"]
[WhiteElo "2309"]
[BlackElo "2389"]
[Result "1-0"]
[Round "8"]
[TimeControl "180+1"]
[Date "2023.10.31"]
[WhiteClock "0:00:56"]
[BlackClock "0:01:14"]
[Board "114"]

1. d4 Nf6 2. c4 c5 3. d5 e5 4. Nc3 d6 5. e4 Be7 6. h3 O-O 7. Nf3 Nbd7 8. Bd3 Ne8 9. g4 g6 10. Bh6 Ng7 11. Qd2 Kh8 12. O-O-O Nf6 13. Be3 Ng8 14. Rh2 f5 15. gxf5 gxf5 16. exf5 Bxf5 17. Ne4 Bg6 18. Nfg5 Qd7 19. Rg1 Nh5 20. Ne6 Rf7 21. Rhg2 Nf4 22. Bxf4 exf4 23. Qc3+ Nf6 24. Rxg6 hxg6 25. Rxg6 Kh7 26. N4g5+ Kh8 27. Nxf7+ Kh7 28. Neg5# 1-0


[Site "https://www.chess.com"]

[Event "Titled Tuesday Blitz October 31 Early 2023"]
[White "LiadCuba"]
[Black "Fominykh, Maria"]
[BlackFideId "4142411"]
[WhiteElo "2353"]
[BlackElo "2278"]
[Result "1-0"]
[Round "8"]
[TimeControl "180+1"]
[Date "2023.10.31"]
[WhiteClock "0:00:42"]
[BlackClock "0:00:00"]
[Board "115"]

1. d4 Nf6 2. c4 e6 3. Nc3 d5 4. Bg5 Be7 5. Nf3 O-O 6. e3 c6 7. Qc2 Nbd7 8. cxd5 exd5 9. Bd3 h6 10. Bh4 Re8 11. O-O Ne4 12. Bxe4 Bxh4 13. Bf5 Bf6 14. b4 Nb6 15. Bd3 Bg4 16. Nd2 a6 17. a4 Rc8 18. Rfc1 Qd6 19. Qb3 Bd8 20. Ne2 Bc7 21. Ng3 h5 22. h3 h4 23. Ngf1 Bd7 24. b5 axb5 25. axb5 Ra8 26. bxc6 bxc6 27. Nf3 Reb8 28. Rxa8 Nxa8 29. Qc2 Qf6 30. Rb1 Rxb1 31. Qxb1 Nb6 32. N1d2 g6 33. Qa2 Kg7 34. Qa7 Bd8 35. Ne5 Bf5 36. Ndf3 Be4 37. Bxe4 dxe4 38. Nxh4 Nc8 39. Qd7 Nd6 40. Nhxg6 Nb5 41. Nf4 Bb6 42. Nh5+ 1-0


[Site "https://www.chess.com"]

[Event "Titled Tuesday Blitz October 31 Early 2023"]
[White "Buscar, Michael"]
[Black "De Souza, Cristiano Gomes"]
[WhiteFideId "2603616"]
[BlackFideId "2151758"]
[WhiteElo "2324"]
[BlackElo "2257"]
[Result "1-0"]
[Round "8"]
[TimeControl "180+1"]
[Date "2023.10.31"]
[WhiteClock "0:00:30"]
[BlackClock "0:00:05"]
[Board "116"]

1. e4 c5 2. Nf3 d6 3. Bb5+ Bd7 4. a4 Bc6 5. O-O Nf6 6. Re1 e5 7. d3 Be7 8. Na3 O-O 9. Nc4 a6 10. Bxc6 Nxc6 11. c3 b5 12. axb5 axb5 13. Rxa8 Qxa8 14. Ne3 g6 15. h3 Rd8 16. Nh2 b4 17. Nhg4 Nxg4 18. hxg4 bxc3 19. bxc3 Qa1 20. Nd5 Bf8 21. Nf6+ Kh8 22. Qf3 Qxc3 23. Rf1 Bg7 24. Nd5 Qc2 25. Qxf7 Nd4 26. Bg5 Rf8 27. Qd7 Qxd3 28. Be7 Ne2+ 29. Kh1 Ng3+ 30. fxg3 Qxf1+ 31. Kh2 Rf2 32. Qd8+ Bf8 33. Bf6+ Kg8 34. Ne3 Qe2 35. Bg5 c4 36. Qc8 Rf7 37. Qxc4 h6 38. Nd5 hxg5 39. Qxe2 1-0


[Site "https://www.chess.com"]

[Event "Titled Tuesday Blitz October 31 Early 2023"]
[White "DonCiao"]
[Black "Babarsik1977"]
[WhiteElo "2146"]
[BlackElo "2319"]
[Result "0-1"]
[Round "8"]
[TimeControl "180+1"]
[Date "2023.10.31"]
[WhiteClock "0:00:00"]
[BlackClock "0:00:19"]
[Board "117"]

1. c4 e6 2. g3 f5 3. Bg2 Nf6 4. Nf3 d5 5. d3 d4 6. O-O c5 7. b4 cxb4 8. a3 Nc6 9. axb4 Bxb4 10. Ba3 Bxa3 11. Nxa3 O-O 12. Qb3 Qe7 13. Rfb1 Kh8 14. Nb5 e5 15. Qc2 a6 16. c5 Be6 17. Nd6 Rab8 18. Nd2 Bd5 19. Nxf5 Qe6 20. Nd6 Bxg2 21. Kxg2 Ng4 22. N2e4 Rxf2+ 23. Nxf2 Ne3+ 24. Kg1 Nxc2 25. Ra2 Ne3 26. Rab2 b5 27. Nfe4 Qh3 28. Kf2 Rf8+ 29. Ke1 Rf1+ 30. Kd2 Rxb1 31. Rxb1 h6 32. Nf7+ Kg8 33. Nfd6 Qxh2 34. Nxb5 axb5 35. Rxb5 Ne7 36. Rb8+ Kh7 0-1


[Site "https://www.chess.com"]

[Event "Titled Tuesday Blitz October 31 Early 2023"]
[White "Feliz Dotel, Dewar Bienvenido"]
[Black "Czerw, Dawid"]
[WhiteFideId "6402801"]
[BlackFideId "1145746"]
[WhiteElo "2155"]
[BlackElo "2493"]
[Result "0-1"]
[Round "8"]
[TimeControl "180+1"]
[Date "2023.10.31"]
[WhiteClock "0:00:00"]
[BlackClock "0:01:40"]
[Board "118"]

1. d4 Nf6 2. e3 c5 3. dxc5 e5 4. b4 a5 5. c3 axb4 6. cxb4 b6 7. Nf3 bxc5 8. Nxe5 cxb4 9. Be2 b3 10. Bb2 Rxa2 11. Nc4 d5 12. Qxb3 Rxa1 13. Bxa1 Nc6 14. Ncd2 Bd6 15. Nc3 O-O 16. O-O d4 17. Nb5 dxe3 18. Qxe3 Re8 19. Qd3 Ba6 20. Qxd6 Qxd6 21. Nxd6 Rxe2 22. Bxf6 Rxd2 23. Ra1 Rxd6 24. Bh4 Ne5 25. Bg3 f6 26. h3 g5 27. f4 gxf4 28. Bxf4 Kf7 29. Ra5 Re6 30. Bg3 Kg6 31. Kh2 Bb7 32. Ra7 Rb6 33. Bf2 Rb2 34. Kg3 h5 35. h4 Ng4 0-1


[Site "https://www.chess.com"]

[Event "Titled Tuesday Blitz October 31 Early 2023"]
[White "vishwa_vijeta"]
[Black "Zivic, Dragan"]
[BlackFideId "904740"]
[WhiteElo "2487"]
[BlackElo "2259"]
[Result "0-1"]
[Round "8"]
[TimeControl "180+1"]
[Date "2023.10.31"]
[WhiteClock "0:00:00"]
[BlackClock "0:00:28"]
[Board "119"]

1. e4 c6 2. Nf3 d5 3. exd5 cxd5 4. d4 Nc6 5. c3 Bf5 6. Bd3 Bxd3 7. Qxd3 e6 8. O-O Bd6 9. Re1 Nge7 10. h3 O-O 11. Bg5 Qc7 12. Nbd2 h6 13. Bh4 Nf5 14. g4 Nxh4 15. Nxh4 Rad8 16. Ng2 e5 17. dxe5 Nxe5 18. Qe2 Rfe8 19. Nf3 Nc4 20. Qc2 Qb6 21. b3 Na3 22. Qd3 Rxe1+ 23. Rxe1 Bc5 24. Re2 Nb5 25. Nf4 d4 26. c4 Nc3 27. Re5 Bd6 28. Nd5 Nxd5 29. Rxd5 Bc5 30. Qe4 Rxd5 31. Qxd5 a5 32. Ne5 Qd6 33. Qxf7+ Kh7 34. Qf5+ Kg8 35. Nd3 b6 36. Qd5+ Qxd5 37. cxd5 Kf8 38. Nxc5 bxc5 39. Kf1 Ke7 40. Ke2 Kd6 41. Kd3 Kxd5 42. f4 a4 43. h4 axb3 44. axb3 g6 45. Kd2 Ke4 46. f5 gxf5 47. g5 hxg5 48. h5 Ke5 0-1


[Site "https://www.chess.com"]

[Event "Titled Tuesday Blitz October 31 Early 2023"]
[White "Arutla, Aditya"]
[Black "Ng, Gary"]
[WhiteFideId "30961998"]
[BlackFideId "2604914"]
[WhiteElo "2479"]
[BlackElo "2266"]
[Result "1-0"]
[Round "8"]
[TimeControl "180+1"]
[Date "2023.10.31"]
[WhiteClock "0:00:39"]
[BlackClock "0:00:57"]
[Board "120"]

1. e4 c6 2. d4 d5 3. e5 Bf5 4. h4 h6 5. g4 Bc8 6. Nc3 e6 7. Be3 c5 8. dxc5 Nd7 9. b4 Nxe5 10. f4 Nc6 11. Bb5 Ne7 12. Nf3 a6 13. Ba4 Bd7 14. a3 Qc7 15. Qd2 g6 16. h5 Bg7 17. hxg6 Nxg6 18. O-O-O O-O-O 19. Rhf1 Na7 20. Bxd7+ Rxd7 21. Bd4 Bxd4 22. Nxd4 Re8 23. Rde1 Kb8 24. f5 Ne5 25. fxe6 fxe6 26. Qxh6 Nxg4 27. Qg6 Ree7 28. Qxg4 e5 29. Rf8+ Nc8 30. Nf5 Rf7 31. Rxf7 Rxf7 32. Nxd5 Qd7 33. Nfe3 Qa4 34. Qxc8+ Kxc8 35. Nb6+ 1-0


[Site "https://www.chess.com"]

[Event "Titled Tuesday Blitz October 31 Early 2023"]
[White "Goh, Zi Han"]
[Black "Aash20"]
[WhiteFideId "5819156"]
[WhiteElo "2258"]
[BlackElo "2471"]
[Result "1-0"]
[Round "8"]
[TimeControl "180+1"]
[Date "2023.10.31"]
[WhiteClock "0:00:15"]
[BlackClock "0:00:26"]
[Board "121"]

1. d4 d5 2. c4 c6 3. Nf3 Nf6 4. Nc3 dxc4 5. a4 Bg4 6. e3 e6 7. Bxc4 Bb4 8. O-O O-O 9. h3 Bh5 10. Qb3 Bxc3 11. bxc3 Bxf3 12. Qxb7 Bxg2 13. Kxg2 Nbd7 14. Qb1 Nb6 15. Be2 Nbd5 16. Qd3 Re8 17. e4 Ne7 18. Kh1 Ng6 19. Rg1 Qc7 20. Bg5 Nf4 21. Qg3 Nxe4 22. Qxf4 Qxf4 23. Bxf4 Nxc3 24. Bf3 Nd5 25. Be5 g6 26. Rgc1 Rac8 27. Rc5 f6 28. Bg3 Red8 29. Rac1 Ne7 30. R1c4 Kf7 31. Bxc6 Nxc6 32. Rxc6 Rxc6 33. Rxc6 Rxd4 34. Rc7+ Kg8 35. Rxa7 e5 36. a5 Ra4 37. a6 h5 38. Kg2 g5 39. f3 Ra2+ 40. Bf2 f5 41. Ra8+ Kg7 42. a7 e4 43. fxe4 fxe4 44. Re8 e3 45. a8=Q Rxf2+ 46. Kg1 Rf7 47. Rxe3 g4 48. hxg4 hxg4 1-0


[Site "https://www.chess.com"]

[Event "Titled Tuesday Blitz October 31 Early 2023"]
[White "chess_blitz00"]
[Black "hsd2016"]
[WhiteElo "2453"]
[BlackElo "2257"]
[Result "0-1"]
[Round "8"]
[TimeControl "180+1"]
[Date "2023.10.31"]
[WhiteClock "0:00:00"]
[BlackClock "0:02:21"]
[Board "122"]

1. c4 c5 2. Nc3 Nc6 3. Nf3 g6 4. g3 Bg7 5. Bg2 d6 6. O-O h5 7. e3 e5 8. Re1 h4 9. d4 h3 10. Bh1 Nge7 11. dxc5 dxc5 12. Qxd8+ Nxd8 13. Rd1 Bg4 14. e4 Ne6 15. Be3 Nd4 16. Nxd4 exd4 17. Nb5 O-O 18. f3 dxe3 19. fxg4 e2 20. Rd2 a6 21. Nc3 Bd4+ 22. Rxd4 cxd4 23. Nxe2 Nc6 24. Rd1 Rad8 25. Nf4 Rfe8 26. Nd5 Kg7 27. Bf3 Ne5 28. Kf2 d3 29. Rb1 Nxc4 30. b3 Nd2 31. Rd1 Nxe4+ 32. Bxe4 Rxe4 33. Rxd3 Re5 34. Nf4 Rxd3 35. Nxd3 Ra5 36. a4 Rd5 37. Ke3 Kf6 38. Nf4 Rd1 39. Nxh3 Rb1 40. Kd4 Rxb3 41. Nf4 Rb4+ 42. Kc5 Rxa4 43. h4 Ra3 44. Nd5+ Kg7 45. Ne7 Rxg3 0-1


[Site "https://www.chess.com"]

[Event "Titled Tuesday Blitz October 31 Early 2023"]
[White "Nord, Alexander"]
[Black "Clawitter, Craig"]
[WhiteFideId "1738135"]
[BlackFideId "2023105"]
[WhiteElo "2409"]
[BlackElo "2253"]
[Result "0-1"]
[Round "8"]
[TimeControl "180+1"]
[Date "2023.10.31"]
[WhiteClock "0:00:54"]
[BlackClock "0:00:36"]
[Board "123"]

1. c4 e6 2. Nc3 d5 3. d4 Nf6 4. cxd5 exd5 5. Bg5 c6 6. Qc2 Be7 7. e3 O-O 8. Bd3 Nbd7 9. Nf3 Re8 10. O-O Nf8 11. Rab1 a5 12. a3 Ng6 13. Rfe1 Bg4 14. Nd2 Nd7 15. Bxe7 Qxe7 16. e4 Qg5 17. exd5 cxd5 18. Bf1 Bf5 19. Bd3 Nf4 0-1


[Site "https://www.chess.com"]

[Event "Titled Tuesday Blitz October 31 Early 2023"]
[White "Akylbek2021"]
[Black "Prieto Aranguren, Alain"]
[BlackFideId "2268906"]
[WhiteElo "2246"]
[BlackElo "2405"]
[Result "0-1"]
[Round "8"]
[TimeControl "180+1"]
[Date "2023.10.31"]
[WhiteClock "0:00:00"]
[BlackClock "0:00:41"]
[Board "124"]

1. Nf3 d5 2. b3 Nf6 3. Bb2 g6 4. d4 Bg7 5. Nbd2 O-O 6. e3 b6 7. Bd3 c5 8. O-O Bb7 9. c4 cxd4 10. Bxd4 Nc6 11. Bb2 Nb4 12. Be2 dxc4 13. Nxc4 Qxd1 14. Rfxd1 Rfd8 15. a3 Na6 16. b4 Rac8 17. Rac1 Rxd1+ 18. Bxd1 Nc7 19. Nd4 Nfd5 20. Bf3 Ne6 21. Kf1 Nxd4 22. Bxd4 Bxd4 23. exd4 b5 24. Na5 Rxc1+ 25. Ke2 Ba8 26. Kd2 Ra1 0-1


[Site "https://www.chess.com"]

[Event "Titled Tuesday Blitz October 31 Early 2023"]
[White "Tsyhanchuk, Stanislav"]
[Black "parintele_chess"]
[WhiteFideId "13505130"]
[WhiteElo "2401"]
[BlackElo "2248"]
[Result "1-0"]
[Round "8"]
[TimeControl "180+1"]
[Date "2023.10.31"]
[WhiteClock "0:00:36"]
[BlackClock "0:00:46"]
[Board "125"]

1. e4 e5 2. Nf3 Nc6 3. Bb5 a6 4. Bxc6 dxc6 5. O-O Bd6 6. d4 exd4 7. Qxd4 f6 8. Be3 Ne7 9. Nbd2 Be6 10. Nb3 Bxb3 11. axb3 O-O 12. Rfe1 Qe8 13. Rad1 Qf7 14. Qc4 Rad8 15. Nd4 Qxc4 16. bxc4 Kf7 17. Nb3 Ng6 18. Na5 Bb4 19. Nxb7 Rb8 20. c3 Rxb7 21. cxb4 Rxb4 22. Bc5 1-0


[Site "https://www.chess.com"]

[Event "Titled Tuesday Blitz October 31 Early 2023"]
[White "Sargissyan, Sargis"]
[Black "Jimenez Fernandez, Rebeca"]
[WhiteFideId "13303210"]
[BlackFideId "32070934"]
[WhiteElo "2389"]
[BlackElo "2229"]
[Result "1-0"]
[Round "8"]
[TimeControl "180+1"]
[Date "2023.10.31"]
[WhiteClock "0:02:55"]
[BlackClock "0:01:28"]
[Board "126"]

1. e4 g6 2. d4 Bg7 3. Nc3 d6 4. f4 a6 5. Nf3 b5 6. Bd3 Nf6 7. e5 dxe5 8. dxe5 Nd5 9. Be4 c6 10. Nxd5 cxd5 11. Qxd5 Qxd5 12. Bxd5 Ra7 13. Be3 Rd7 14. O-O-O O-O 15. e6 Rxd5 16. exf7+ Rxf7 17. Rxd5 Be6 18. Rd8+ Rf8 19. Rxf8+ Kxf8 20. Ng5 Bg8 21. Rd1 Nc6 22. Rd7 e5 23. Rc7 Nd8 24. Bc5+ 1-0


[Site "https://www.chess.com"]

[Event "Titled Tuesday Blitz October 31 Early 2023"]
[White "Rodriguez Dominguez, Melissa"]
[Black "EvgenyBurmakin"]
[WhiteFideId "3517560"]
[WhiteElo "2203"]
[BlackElo "2370"]
[Result "0-1"]
[Round "8"]
[TimeControl "180+1"]
[Date "2023.10.31"]
[WhiteClock "0:00:00"]
[BlackClock "0:00:07"]
[Board "127"]

1. e4 c5 2. Nf3 d6 3. d4 cxd4 4. Nxd4 Nf6 5. Nc3 a6 6. Bc4 e6 7. Bb3 b5 8. O-O b4 9. Na4 Nxe4 10. Qf3 d5 11. Bf4 Bb7 12. Rad1 Bd6 13. Bxd6 Qxd6 14. Ne2 f5 15. Qh5+ g6 16. Qh6 Qf8 17. Qe3 Qd6 18. Nb6 O-O 19. Nxa8 Bxa8 20. f3 Nc5 21. Nf4 Nbd7 22. Rfe1 Nxb3 23. axb3 Re8 24. Nxe6 Nf8 25. Qc5 Rxe6 26. Qxd6 Rxd6 27. Re8 Bc6 28. Ra8 Bb5 29. c4 bxc3 30. bxc3 Rd7 31. c4 dxc4 32. Rxd7 Bxd7 33. bxc4 Kf7 34. Rxa6 Ne6 35. Ra7 Ke7 36. Kf2 Kd6 37. Ke3 h6 38. g3 g5 39. h4 f4+ 40. Kf2 Nd4 41. Ra6+ Bc6 42. Ra7 gxh4 43. gxh4 Nxf3 44. h5 Ne5 45. Rh7 Kc5 46. Kf1 Ng4 47. Rg7 Ne3+ 48. Ke1 Nf5 49. Rf7 Be4 0-1


[Site "https://www.chess.com"]